 Dungeon Crawl Stone Soup version 0.30-a0-630-g881e3bac89 (webtiles) character file.

Game seed: 17302850241029485213

2448 Dartaoz the Spear-Bearer (level 9, -5/78 HPs)
             Began as a Minotaur Fighter on Jan 12, 2023.
             Was a Follower of Yredelemnul.
             Slain by a wyvern (10 damage)
             ... on level 8 of the Dungeon on Jan 13, 2023.
             The game lasted 00:15:35 (6462 turns).

Dartaoz the Spear-Bearer (Minotaur Fighter)         Turns: 6462, Time: 00:15:36

Health: -5/78      AC:  7    Str: 26    XL:     9   Next: 25%
Magic:  8/8        EV: 16    Int:  5    God:    Yredelemnul [*.....]
Gold:   311        SH:  5    Dex:  9    Spells: 8/8 levels left

rFire   . . .      SeeInvis .    a - +0 trident
rCold   . . .      Faith    .    c - +0 buckler
rNeg    . . .      Spirit   .    b - +0 scale mail
rPois   .          Reflect  .    (helmet restricted)
rElec   .          Harm     .    (no cloak)
rCorr   .          Rampage  .    (no gloves)
Will    .....                    (no boots) Stlth
                                 (no amulet)
HPRegen 0.33/turn                A - +5 ring of evasion
MPRegen 0.11/turn                (no ring)

@: mighty
A: horns 2, retaliatory headbutt
a: Renounce Religion, Recall Undead Harvest


You were on level 8 of the Dungeon.
You worshipped Yredelemnul.
Yredelemnul was noncommittal.
You visited 2 branches of the dungeon, and saw 9 of its levels.

You collected 386 gold pieces.
You spent 75 gold pieces at shops.

Inventory:

Hand Weapons
 a - a +0 trident (weapon)
Armour
 b - a +0 scale mail (worn)
 c - a +0 buckler (worn)
Jewellery
 k - a ring of positive energy
 r - a ring of wizardry
 x - a ring of magical power
 A - a +5 ring of evasion (left hand)
Wands
 u - a wand of flame (9)
Scrolls
 e - 3 scrolls of magic mapping {unknown}
 f - a scroll of amnesia {unknown}
 h - 3 scrolls of vulnerability {unknown}
 i - 2 scrolls of noise {unknown}
 j - 2 scrolls of blinking {unknown}
 n - 5 scrolls of identify
 o - 5 scrolls of enchant armour {unknown}
 p - a scroll of brand weapon {unknown}
 y - 2 scrolls of teleportation {unknown}
 z - a scroll of acquirement {unknown}
 B - a scroll of summoning {unknown}
 E - a scroll of fog {unknown}
Potions
 d - 4 potions of might
 g - a potion of haste
 l - 4 potions of resistance
 m - 3 potions of attraction
 q - a potion of berserk rage {unknown}
 s - 3 potions of degeneration {unknown}
 t - a potion of brilliance {unknown}
 v - 3 potions of curing
 w - 2 potions of flight {unknown}
 C - a potion of lignification {unknown}


   Skills:
 + Level 6.9 Fighting
 + Level 9.6 Polearms
 + Level 6.9 Armour
 + Level 5.1 Dodging
 + Level 6.8 Shields


You had 8 spell levels left.
You didn't know any spells.
Your spell library contained the following spells:

 Spells                   Type           Power      Damage    Failure   Level
 Dazzling Flash           Conj/Hex       0%         N/A       99%         3
 Ignite Poison            Fire/Tmut/Pois 0%         N/A       99%         3
 Inner Flame              Hex/Fire       0%         N/A       99%         3
 Portal Projectile        Hex/Tloc       0%         N/A       99%         3
 Tukima's Dance           Hex            0%         N/A       99%         3
 Flame Wave               Conj/Fire      0%         2d4       100%        4
 Iskenderun's Mystic Bla  Conj/Tloc      0%         2d3       100%        4
 Olgreb's Toxic Radiance  Pois           0%         N/A       100%        4
 Sticky Flame             Conj/Fire      0%         2d3       100%        4
 Blade Hands              Tmut           0%         N/A       100%        5
 Starburst                Conj/Fire      0%         6d3       100%        6
 Ozocubu's Refrigeration  Ice            0%         4d7       100%        7
 Ignition                 Fire           0%         3d3       100%        8


Dungeon Overview and Level Annotations

Branches:
Dungeon (8/15)             Temple (1/1) D:5
   Lair: D:8-11

Altars:
Ashenzari
Cheibriados
Dithmenos
Fedhas
Gozag
Hepliaklqana
Kikubaaqudgha
Makhleb
Nemelex Xobeh
Okawaru
Qazlal
Ru
Trog
Uskayaw
Vehumet
Wu Jian
Xom
Yredelemnul
The Shining One

Shops:
D:2 =   D:3 [   D:5 [   D:7 !


Innate Abilities, Weirdness & Mutations

You have a pair of horns on your head.
You reflexively headbutt those who attack you in melee.


Message History

Your gnoll sergeant zombie completely misses the wight.
The wyvern bites you!
* * * LOW HITPOINT WARNING * * *
Your ice beast zombie hits the wight.
You closely miss the wight.
The wight is severely damaged.
The wyvern barely misses you. The wight hits you with a +2 mace!
* * * LOW HITPOINT WARNING * * *
You hit the wight.
The wight is almost destroyed.
You block the wyvern's attack.
Your gnoll sergeant zombie misses the wight.
Your ice beast zombie barely misses the wight.
The wight closely misses you.
You barely miss the wight. Your headbutt misses the wight.
The wight is almost destroyed.
The wyvern closely misses you.
Your gnoll sergeant zombie splashes around in the water.
The wight completely misses you.
Your ice beast zombie closely misses the wight.
The wyvern bites you but does no damage.
You puncture the wight!
You destroy the wight!
The wyvern completely misses you. The sky beast barely misses you.
You closely miss the wyvern.
The wyvern is lightly wounded.
Your kobold zombie hits the wyvern but does no damage.
Your gnoll sergeant zombie hits the wyvern.
Your ice beast zombie hits the wyvern but does no damage.
The wyvern bites you but does no damage.
You hit the wyvern but do no damage.
The wyvern is lightly wounded.
The wyvern barely misses you. The sky beast misses you.
Your kobold zombie closely misses the wyvern.
Your ice beast zombie barely misses the wyvern.
Your gnoll sergeant zombie hits the wyvern but does no damage.
You feel very mighty all of a sudden. The wyvern bites you!
You die...
Your body rises from the dead as a mindless zombie.

K≈≈≈~.........
..~≈≈~.........###
....S.........<..#
........<..........#
.....).........#...#
.........≈~.(......+
~......ZZZ~~≈..# ..#
~.....Y)l~≈≈~..# ..#
......)@)~≈~≈..# .#
...........~~..# .#
...............#
...............#
...............# #
.#########.##.####++####
#....#........#
########.#........#
#........#...###..#


You could see a wyvern (ally target), a sky beast, an electric eel, a friendly
ice beast zombie, a friendly gnoll sergeant zombie and a friendly kobold zombie.

Vanquished Creatures
  Grinder (D:3)
  Prince Ribbit (D:5)
  Sigmund (D:3)
  A water moccasin (D:7)
  An ice beast (D:8)
  2 centaurs
  2 ogres
  2 kobold brigands
  A gnoll sergeant (D:8)
  2 necrophages
  3 scorpions
  4 wights
  A lava snake (D:7)
  A jelly (D:7)
  2 orc priests
  6 hounds
  A gnoll bouda (D:5)
  Jessica (D:3)
  2 iguanas
  An orc wizard (D:4)
  Ijyb (D:5)
  2 gnolls (D:7)
  5 adders
  2 shadow imps
  2 ufetubi
  3 dart slugs
  5 orcs
  5 bats
  5 endoplasms
  4 giant cockroaches
  3 goblins
  14 hobgoblins
  7 jackals
  13 kobolds
  2 quokkas
  7 ball pythons
  A frilled lizard (D:1)
  5 rats
122 creatures vanquished.

Vanquished Creatures (collateral kills)
  A gnoll (D:7)
  A white imp (D:6)
2 creatures vanquished.

Vanquished Creatures (others)
  2 kobolds (D:8)
  2 kobold zombies
  2 plants
  3 withered plants (D:4)
9 creatures vanquished.

Grand Total: 133 creatures vanquished

Notes
Turn   | Place    | Note
-------+----------+-------------------------------------------
     0 | D:1      | Dartaoz the Minotaur Fighter began the quest for the Orb.
     0 | D:1      | Reached XP level 1. HP: 19/19 MP: 0/0
    29 | D:1      | Reached skill level 3 in Polearms
    35 | D:1      | Reached XP level 2. HP: 19/26 MP: 1/1
   234 | D:1      | Reached skill level 4 in Polearms
   283 | D:1      | Reached XP level 3. HP: 31/31 MP: 2/2
   722 | D:2      | Found Vamuex's Jewellery Shoppe.
   730 | D:2      | Reached skill level 5 in Polearms
  1096 | D:3      | Noticed Sigmund
  1150 | D:3      | Noticed Grinder
  1162 | D:3      | Paralysed by Grinder for 4 turns
  1163 | D:3      | Reached XP level 4. HP: 37/39 MP: 3/3
  1179 | D:3      | Paralysed by Grinder for 2 turns
  1190 | D:3      | Killed Grinder
  1191 | D:3      | Reached skill level 7 in Polearms
  1191 | D:3      | Reached XP level 5. HP: 19/45 MP: 4/4
  1191 | D:3      | Reached XP level 6. HP: 22/51 MP: 5/5
  1466 | D:3      | Found an opulent altar of Gozag.
  1466 | D:3      | Noticed Jessica
  1471 | D:3      | Killed Jessica
  1791 | D:3      | Killed Sigmund
  1792 | D:3      | Reached skill level 8 in Polearms
  1792 | D:3      | Reached skill level 1 in Dodging
  1952 | D:3      | Found Toetu's Antique Armour Emporium.
  2320 | D:4      | Reached XP level 7. HP: 59/59 MP: 6/6
  2804 | D:4      | Found an ancient bone altar of Kikubaaqudgha.
  3120 | D:4      | You fall into a shaft and drop 1 floor!
  3120 | D:5      | Entered Level 5 of the Dungeon
  3186 | D:5      | Found a glowing golden altar of the Shining One.
  3315 | D:5      | Found a large runed translucent door.
  3315 | D:5      | Found a large runed translucent door.
  3334 | D:5      | Reached skill level 5 in Fighting
  3334 | D:5      | Reached skill level 5 in Armour
  3501 | D:5      | Noticed Ijyb
  3512 | D:5      | Killed Ijyb
  3513 | D:5      | Reached skill level 5 in Shields
  3607 | D:5      | Found Nexuyblo's Antique Armour Shoppe.
  3673 | D:5      | Found a stormy altar of Qazlal.
  3676 | D:5      | Noticed a fire elemental
  3676 | D:5      | Noticed an air elemental
  3676 | D:5      | Noticed a water elemental
  3764 | D:5      | Noticed Prince Ribbit
  3785 | D:5      | Killed Prince Ribbit
  3786 | D:5      | Reached XP level 8. HP: 36/69 MP: 7/7
  3908 | D:5      | Found a staircase to the Ecumenical Temple.
  3917 | Temple   | Entered the Ecumenical Temple
  4438 | D:5      | Found a basalt altar of Yredelemnul.
  4443 | D:5      | Became a worshipper of Yredelemnul the Dark
  4448 | D:5      | Found a radiant altar of Vehumet.
  4699 | D:6      | Reached * piety under Yredelemnul
  4963 | D:6      | Reached ** piety under Yredelemnul
  4964 | D:6      | Reached skill level 9 in Polearms
  5391 | D:7      | Found Acuth's Distillery.
  5481 | D:7      | Found a sparkling altar of Nemelex Xobeh.
  5819 | D:7      | Bought a potion of heal wounds for 75 gold pieces
  6101 | D:7      | Reached XP level 9. HP: 70/78 MP: 8/8
  6441 | D:8      | Reached skill level 5 in Dodging
  6456 | D:8      | HP: 3/78 [wight/+2 mace (13)]
  6462 | D:8      | Slain by a wyvern

Illustrated notes

Levels and vault maps discovered:
D:1:      dpeg_arrival_rhombus, layout_rooms, chequers_serial_rivers_room_b,
          reono_crystal_passage
D:2:      layout_basic, serial_shops,
          nicolae_shop_temple_entry_statues_fountains,
          minmay_misc_feat_four_crosses, minmay_stone_trees_small
D:3:      layout_loops_corners, lemuel_tele_altar, serial_shops,
          nicolae_shop_temple_entry_statues_fountains, serial_forest,
          infiniplex_forest_end_2, infiniplex_forest_end_2,
          infiniplex_forest_3_way, infiniplex_forest_clump_diagonal,
          uniq_grinder, uniq_jessica, uniq_sigmund
D:4:      layout_loops_corners, kiku_gazebo_garden_becter,
          hangedman_abyss_or_decor_passed
D:5:      layout_basic, jmf_multi_god_temple2, nicolae_qazlal_style_of_elements,
          mainiacjoe_overflow_catwalk, minmay_temple_entry_poolview,
          serial_shops, nicolae_shop_trees, uniq_prince_ribbit1, uniq_ijyb
D:6:      layout_basic
D:7:      layout_rooms, mainiacjoe_overflow_chevrons, minmay_misc_feat_rugged,
          nicolae_inconvenience_store
D:8:      layout_basic, serial_bayou_pond_a, kennysheep_generic_room_7
Temple:   minmay_temple_bridge_abc

Skill      XL: |  1  2  3  4  5  6  7  8  9 |
---------------+----------------------------+-----
Polearms       | 3 4 5 7 8 9 |  9.6
Fighting       | 4 5 6 |  6.9
Armour         | 4 5 6 |  6.9
Dodging        | 1 3 4 5 |  5.1
Shields        | 4 5 6 |  6.8

Action                   |  1- 3 |  4- 6 |  7- 9 || total
-------------------------+-------+-------+-------++-------
Melee: Trident           |   113 |    59 |   273 ||   445
       Headbutt          |    12 |     4 |    35 ||    51
  Use: Potion            |       |     2 |     2 ||     4
       Scroll            |       |     4 |       ||     4
Armor: Scale mail        |    45 |    10 |    60 ||   115
Dodge: Dodged            |    42 |     4 |   124 ||   170
Block: Buckler           |    14 |     5 |    55 ||    74

Table legend: (Time is in decaauts)
 A = Elapsed time spent in this place.
 B = Non-inter-level travel time spent in this place.
 C = Inter-level travel time spent in this place.
 D = Time resting spent in this place.
 E = Time spent auto-exploring this place.
 F = Levels seen in this place.
 G = Mean time per level.
                   A        B        C        D        E       F      G
               +--------+--------+--------+--------+--------+-----+--------+
         Total |   6450 |   6249 |    201 |     76 |   5259 |   9 |  716.7 |
       Dungeon |   6247 |   6068 |    179 |     76 |   5085 |   8 |  780.9 |
        Temple |    202 |    180 |     22 |      0 |    174 |   1 |  202.0 |
               +--------+--------+--------+--------+--------+-----+--------+

Top non-repeatable levels by time:
     D:5: 1093 daAuts
     D:7: 1043 daAuts
     D:3: 980 daAuts
     D:4: 946 daAuts
     D:2: 794 daAuts
     D:6: 740 daAuts
     D:1: 480 daAuts
  Temple: 202 daAuts
     D:8: 167 daAuts
